 Dungeon Crawl Stone Soup version 0.23-a0-487-gc6253629db (webtiles) character file.

74 Naow the Skirmisher (level 4, -1/39 HPs)
             Began as a Formicid Fighter on Dec 1, 2018.
             Slain by a gnoll
             ... wielding a +2 spear of chaos
              (9 damage)
             ... on level 2 of the Dungeon.
             The game lasted 00:02:56 (1779 turns).

Naow the Skirmisher (Formicid Fighter)              Turns: 1779, Time: 00:02:57

Health: -1/39      AC:  6    Str: 22    XL:     4   Next: 52%
Magic:  4/4        EV:  2    Int:  7    God:
Gold:   60         SH:  0    Dex: 10    Spells: 3/3 levels left

rFire    . . .     SeeInvis +   a - +0 war axe
rCold    . . .     Gourm    .   c - +0 shield
rNeg     + + +     Faith    .   b - +0 scale mail
rPois    ∞         Spirit   .   (helmet unavailable)
rElec    .         Reflect  .   (no cloak)
rCorr    .         Harm     .   (no gloves)
MR       .....                  (no boots)
Stlth    ..........             (no amulet)
HPRegen  0.13/turn              (no ring)
MPRegen  0.09/turn              (no ring)

@: petrified, drained
A: permanent stasis, dig shafts and tunnels, four strong arms, antennae 3
a: Dig, Shaft Self


You were on level 2 of the Dungeon.
You were not hungry.

You visited 1 branch of the dungeon, and saw 2 of its levels.

You collected 60 gold pieces.

Inventory:

Hand Weapons
 a - a +0 war axe (weapon)
Armour
 b - a +0 scale mail (worn)
 c - a +0 shield (worn)
Jewellery
 q - a +2 ring of strength {unknown}
Scrolls
 h - a scroll of noise {unknown}
 i - 2 scrolls of remove curse {unknown}
 k - 2 scrolls of identify {unknown}
 l - a scroll of teleportation {unknown}
 o - a scroll of immolation {unknown}
Potions
 d - a potion of might
 e - 2 potions of cancellation {unknown}
 j - a potion of heal wounds {unknown}
 m - a potion of resistance {unknown}
 n - a potion of brilliance {unknown}
 p - a potion of flight {unknown}
 r - a potion of magic {unknown}
 s - a potion of curing {unknown}
Comestibles
 f - 3 rations


   Skills:
 + Level 5.5(5.2) Fighting
 - Level 2.0(1.7) Axes
 - Level 3.2(3.0) Armour
 - Level 3.6(3.3) Shields


You had 3 spell levels left.
You didn't know any spells.
Your spell library was empty.

Dungeon Overview and Level Annotations

Branches:
Dungeon (2/15)

Altars:
Cheibriados
Sif Muna
Xom


Innate Abilities, Weirdness & Mutations

You cannot be hasted, slowed, berserked, paralysed or teleported.
You can dig through walls and to a lower floor.
Your four strong arms can wield two-handed weapons with a shield.
You have a pair of large antennae on your head. (SInv)


Message History

The gnoll hits you from afar with a +0 spear of chaos.
Your stasis prevents you from being paralysed.
The gnoll hits you with a +0 dagger of chaos.
The gnoll burns you.
You have turned to stone.
The gnoll hits you from afar with a +0 spear of chaos.
The gnoll freezes you.
The gnoll hits you with a +0 dagger of chaos.
The gnoll hits you from afar with a +0 spear of chaos.
The gnoll hits you with a +0 dagger of chaos.
Your stasis prevents you from being paralysed.
The gnoll hits you from afar with a +0 spear of chaos!
You are electrocuted!
* * * LOW HITPOINT WARNING * * *
The gnoll hits you with a +0 dagger of chaos.
* * * LOW HITPOINT WARNING * * *
The gnoll freezes you. The gnoll hits you but does no damage.
Your stasis prevents you from being hasted.
The gnoll hits you but does no damage.
You are electrocuted!
You die...

......# ###........#
#.#.... >.......
#_.###...###.# #.#....
#####.## ≈ ≈≈..##......#
##'#.... .. # ..
..≈.##.##..###....... ..
.≈≈#..#.#.##....+.......
(..
##.#≈..######.###....._.
...
##≈..#g.#...............
...
§..≈⌠!..#.....######....
##
#≈..g@#.<#..######...)
#####.#
#.#.g≈#................
......
..#≈..#≈#...............
.....#
≈≈#.##≈≈#.......#####...
.....# #⌠. ..≈##....[###
#... .....# .≈ ≈≈.#
#.....#######... .....##
#≈..#. #...............
......## ..≈.
##.#..########..#
.......## .#..
##..#..##.........


You could see 3 gnolls.

Vanquished Creatures
  An adder (D:2)
  A worm (D:2)
  A leopard gecko (D:2)
  3 orcs (D:2)
  A ball python (D:1)
  4 giant cockroaches
  10 goblins
  9 hobgoblins
  A quokka (D:2)
  8 bats
  5 frilled lizards
  7 kobolds
  4 rats
55 creatures vanquished.

Notes
Turn   | Place    | Note
-------+----------+-------------------------------------------
     0 | D:1      | Naow the Formicid Fighter began the quest for the Orb.
     0 | D:1      | Reached XP level 1. HP: 18/18 MP: 1/1
   121 | D:1      | Reached XP level 2. HP: 24/25 MP: 2/2
   145 | D:1      | Reached skill level 4 in Fighting
   494 | D:1      | Reached XP level 3. HP: 28/31 MP: 3/3
   909 | D:2      | Found a deep blue altar of Sif Muna.
   913 | D:2      | Found a snail-covered altar of Cheibriados.
  1001 | D:2      | Reached skill level 5 in Fighting
  1058 | D:2      | Reached XP level 4. HP: 29/39 MP: 4/4
  1770 | D:2      | Found a shimmering altar of Xom.
  1779 | D:2      | Slain by a gnoll

Vault maps used:
D:1:      dpeg_arrival_pits, st_stairs_1, minmay_splitting_lines
D:2:      grunt_temple_overflow_open, first_ration, tgw_xom

Skill      XL: |  1  2  3 |
---------------+----------+-----
Fighting       | 4 5 |  5.5
Axes           | |  2.0
Armour         | |  3.2
Shields        | |  3.6

Action                   |  1- 3 |  4- 6 || total
-------------------------+-------+-------++-------
Melee: War axe           |   107 |    36 ||   143
  Eat: Chunk             |     1 |     2 ||     3
Armor: Scale mail        |    50 |    16 ||    66
Dodge: Dodged            |    27 |    22 ||    49
Block: Shield            |    69 |    23 ||    92

Table legend:
 A = Non-vault XP
 B = Vault XP
 C = Vault XP percentage of total XP
 D = Non-vault monster count
 E = Vault monster count
 F = Vault count percentage of total count
                 A         B        C        D         E       F
            +---------+---------+-------+---------+---------+-------
      Total |     103 |       3 |   2.8 |      53 |       2 |   3.6
            +---------+---------+-------+---------+---------+-------
        D:1 |      44 |       3 |   6.4 |      29 |       2 |   6.5
        D:2 |      59 |       0 |   0.0 |      24 |       0 |   0.0
            +---------+---------+-------+---------+---------+-------
